 Dungeon Crawl Stone Soup version 0.19.0-17-g07987d3 (webtiles) character file.

261 Dustbunny the Sneak (level 5, 0/26 HPs)
             Began as a Spriggan Assassin on Nov 11, 2016.
             Succumbed to a worker ant's poison
             ... on level 3 of the Dungeon.
             The game lasted 00:22:45 (5459 turns).

Dustbunny the Sneak (Spriggan Assassin)             Turns: 5459, Time: 00:22:46

Health: 0/26       AC:  3    Str:  7    XL:     5   Next: 96%
Magic:  6/6        EV: 24    Int: 13    God:
Gold:   195        SH:  0    Dex: 23    Spells: 0 memorised, 4 levels left

rFire  . . .     SeeInvis +     a - +2 dagger
rCold  . . .     Gourm    .     c - +0 robe
rNeg   . . .     Faith    .     (shield restricted)
rPois  .         Spirit   .     (helmet restricted)
rElec  .         Reflect  .     d - +0 cloak
rCorr  .         Harm     .     (gloves unavailable)
MR     .....                    (boots unavailable)
Stlth  +++++.....               (no amulet)
                                (no ring)
                                (no ring)

@: agile, lethally poisoned (0 -> -14), very quick
A: unfitting armour, see invisible, herbivore 3, speed 3, slow metabolism 2
a: no special abilities


You were on level 3 of the Dungeon.
You were not hungry.

You visited 1 branch of the dungeon, and saw 4 of its levels.

You collected 195 gold pieces.

Inventory:

Hand Weapons
 a - a +2 dagger (weapon)
 b - a +0 blowgun
 j - a +0 hand axe
 p - a +0 dagger of venom
Missiles
 e - 33 poisoned needles
 f - 2 curare-tipped needles
 h - 138 stones (quivered)
 s - 3 tomahawks
Armour
 c - a +0 robe (worn)
 d - a +0 cloak (worn)
 n - a +0 cloak
Scrolls
 i - 2 scrolls of fog
 l - a scroll of blinking
Comestibles
 g - a bread ration
 q - 2 slices of pizza


   Skills:
 + Level 2.0 Fighting
 + Level 4.4 Short Blades
 + Level 3.1 Throwing
 + Level 3.4 Dodging
 + Level 7.4 Stealth


You had 4 spell levels left.
You didn't know any spells.

Dungeon Overview and Level Annotations

Branches:
Dungeon (4/15)
 Temple: D:4-7

Altars:


Innate Abilities, Weirdness & Mutations

You are very small and have problems with some larger weapons.
You are too small for most types of armour.
You have supernaturally acute eyesight. (SInv)
You are a herbivore.
You cover ground extremely quickly.
You need consume almost no food.


Message History

You barely miss the worker ant.
The worker ant is almost dead.
The worker ant bites you.
You are more poisoned.
The worker ant poisons you!
You hit the worker ant but do no damage.
The worker ant is almost dead.
You feel sick.
The worker ant bites you but does no damage.
You hit the worker ant but do no damage.
The worker ant is almost dead.
The worker ant barely misses you.
You feel agile all of a sudden.
* * * LOW HITPOINT WARNING * * *
You feel sick. The worker ant completely misses you.
* * * LOW HITPOINT WARNING * * *
You feel sick. The worker ant completely misses you. The worker ant bites you.
* * * LOW HITPOINT WARNING * * *
You climb upwards.
You die...

##### ##...## ##...@.##
#....a..# #.......#
#.......#
#############.....##
#.........##)......#
#..................#######
#.........##.............#
#.........###.....#......#


You could see a worker ant.

Vanquished Creatures
  A bullfrog (D:3)
  An orc wizard (D:3)
  5 adders
  5 worms
  2 dart slugs (D:1)
  A leopard gecko (D:3)
  15 orcs
  5 giant cockroaches
  4 goblins
  8 hobgoblins
  3 jackals (D:1)
  3 quokkas
  3 ball pythons
  11 bats
  7 frilled lizards
  10 kobolds
  7 rats
91 creatures vanquished.

Notes
Turn   | Place    | Note
-------+----------+-------------------------------------------
     0 | D:1      | Dustbunny the Spriggan Assassin began the quest for the Orb.
     0 | D:1      | Reached XP level 1. HP: 10/10 MP: 2/2
    43 | D:1      | Reached skill level 6 in Stealth
    58 | D:1      | You fall through a shaft!
    65 | D:2      | Reached XP level 2. HP: 15/15 MP: 3/3
   464 | D:1      | Reached skill level 7 in Stealth
   534 | D:1      | Reached XP level 3. HP: 12/18 MP: 4/4
  1303 | D:2      | Reached XP level 4. HP: 12/23 MP: 5/5
  2769 | D:3      | Noticed a bullfrog
  3469 | D:3      | Reached XP level 5. HP: 24/26 MP: 6/6
  5458 | D:4      | HP: 1/26 [worker ant (5)]
  5459 | D:3      | Succumbed to a worker ant's poison

Skill      XL: |  1  2  3  4  5 |
---------------+----------------+-----
Stealth        | 6 7 |  7.4
Short Blades   | 3 4 |  4.4
Dodging        | 2 3 |  3.4
Throwing       | 3 |  3.1
Fighting       | 2 |  2.0

Action                   |  1- 3 |  4- 6 || total
-------------------------+-------+-------++-------
Melee: Dagger            |   154 |   263 ||   417
 Fire: Blowgun           |     4 |    18 ||    22
Throw: Stone             |       |    82 ||    82
  Use: Potion            |       |     6 ||     6
       Scroll            |       |     3 ||     3
 Stab: Sleeping          |    11 |     5 ||    16
       Distracted        |       |     3 ||     3
  Eat: Bread ration      |       |     1 ||     1
Armor: Robe              |    16 |    19 ||    35
Dodge: Dodged            |    99 |   210 ||   309
